AoeStats
← CazadorGT

Arena

509981193Analyzed
4v4 RM · 4d ago on Sep 28, 2026· 39m 21s· 8 players
Game mode
Random Map
Map size
Large (8 player)
Population
200
Speed
Normal
Resources
Standard
Victory
Conquest
Starting age
Dark Age
Ending age
Imperial Age
RankedLock teamsTeams togetherTeam positionsShared explorationLock speedFull tech treeHidden civsTurbo modeCheats
Victory
Defeat
🇫🇷 Byzantines · France
1149
+15
🇬🇹 Bohemians · Guatemala
1132
+16
🇺🇸 Saxons · United States
1119
+16
🇸🇪 Romans · Sweden
1108
+17
1175
-18
🇧🇷 Maya · Brazil
1144
-17
🇧🇷 Aztecs · Brazil
1118
-16
🇧🇷 Persians · Brazil
1055
-13
CheJuani10
11:02 Feudal Age
12:35 Stone Mining
15:32 Castle Age
13:21 Loom
15:35 Fletching
16:19 Bodkin Arrow
Ch0wee
11:10 Feudal Age
11:54 Double-Bit Axe
14:52 Castle Age
12:52 Horse Collar
13:56 Loom
20:29 Bow Saw
20:20 Heavy Plow
21:46 Wheelbarrow
24:55 Hand Cart
25:31 Gold Mining
30:16 Imperial Age
29:25 Gold Shaft Mining
29:13 Scale Barding Armor
29:18 Forging
31:23 Chain Barding Armor
31:38 Iron Casting
30:27 Cavalier
31:08 Husbandry
32:53 Crop Rotation
33:26 Two-Man Saw
33:29 Plate Barding Armor
33:34 Paladin
36:18 Stone Mining
39:07 Stone Shaft Mining
38:26 Fletching
39:00 Ballistics
38:22 Treadmill Crane
38:38 Murder Holes
CazadorGT
6:59 Loom
11:41 Feudal Age
15:28 Castle Age
13:52 Double-Bit Axe
16:06 Loom
17:43 Fletching
18:17 Forging
20:01 Fervor
20:23 Horse Collar
23:03 Sanctity
22:56 Bodkin Arrow
24:14 Redemption
25:02 Bow Saw
30:03 Imperial Age
29:25 Iron Casting
30:20 Scale Mail Armor
31:14 Block Printing
33:29 Chemistry
32:41 Atonement
32:52 Town Watch
33:43 Wheelbarrow
33:49 Conscription
34:42 Pikeman
35:05 Houfnice
39:33 Chain Mail Armor
[RbF] Stickly
10:02 Feudal Age
9:16 Loom
15:17 Castle Age
13:29 Double-Bit Axe
15:06 Horse Collar
16:40 Wheelbarrow
19:29 Hand Cart
20:54 Bow Saw
23:11 Heavy Plow
30:20 Imperial Age
27:35 Town Watch
27:15 Pikeman
27:56 Squires
29:43 Scale Barding Armor
29:48 Forging
DroppingKnowLedge SOuUU! ツ
9:41 Feudal Age
10:18 Double-Bit Axe
15:59 Castle Age
14:42 Stone Mining
16:14 Gold Mining
24:54 Town Watch
26:55 Gold Shaft Mining
26:08 Loom
26:58 Wheelbarrow
26:16 Fletching
26:55 Bow Saw
31:15 Imperial Age
29:54 Hand Cart
29:39 Town Patrol
30:09 Husbandry
31:36 Bodkin Arrow
31:51 Forging
31:48 Scale Barding Armor
31:50 Cavalier
35:39 Iron Casting
35:25 Chain Barding Armor
34:37 Paladin
38:14 Plate Barding Armor
38:39 Blast Furnace
37:42 Pikeman
38:22 Squires
38:08 Arson
rcagulham
10:00 Feudal Age
11:02 Loom
14:22 Castle Age
15:19 Double-Bit Axe
15:19 Horse Collar
30:10 Wheelbarrow
31:08 Light Cavalry
31:58 Bloodlines
35:34 Imperial Age
Matthew 0911
0:27 Loom
11:16 Feudal Age
14:54 Castle Age
13:24 Double-Bit Axe
19:07 Horse Collar
22:24 Bow Saw
24:22 Wheelbarrow
27:20 Imperial Age
25:25 Fletching
25:58 Ballistics
25:45 Heavy Plow
25:39 Gold Mining
26:19 Hand Cart
26:27 Bodkin Arrow
27:51 Padded Archer Armor
27:18 Crossbowman
27:56 Stone Mining
28:10 Bracer
29:16 Chemistry
28:59 Leather Archer Armor
29:42 Thumb Ring
29:21 Arbalester
31:02 Ring Archer Armor
31:51 Two-Man Saw
31:41 Stone Shaft Mining
31:29 Scale Mail Armor
30:53 Pikeman
32:36 Squires
32:54 Chain Mail Armor
32:42 Halberdier
34:17 Conscription
35:46 Fervor
36:50 Plate Mail Armor
37:44 Sanctity
Sinbad
11:25 Feudal Age
14:59 Castle Age
12:49 Double-Bit Axe
13:25 Horse Collar
14:10 Gold Mining
15:08 Loom
16:55 Redemption
28:59 Bow Saw
30:47 Wheelbarrow
Connection lost

Rejoining the realm…

Still unreachable

The connection could not be restored.

Session expired

The server has moved on; the page needs a fresh start.